 Dungeon Crawl Stone Soup version 0.30.1-11-g7821555f0a (webtiles) character file.

Game seed: 570364585913607959

10324 RancidPinata the Covert (level 11, -6/80 HPs)
             Began as an Octopode Delver on Dec 22, 2023.
             Was an Elder of Dithmenos.
             Mangled by a centaur warrior
             ... wielding a +3 great sword of electrocution
              (16 damage)
             ... on level 10 of the Dungeon.
             The game lasted 01:15:19 (13573 turns).

RancidPinata the Covert (Octopode Delver)          Turns: 13573, Time: 01:15:20

Health: -6/80      AC:  2    Str: 12    XL:     11   Next: 60%
Magic:  17/17      EV: 22    Int: 22    God:    Dithmenos [****..]
Gold:   686        SH: 12    Dex: 16    Spells: 16/18 levels left

rFire   + . .        L - +3 short sword (drain)
rCold   x . .        s - +2 buckler "Cayqar" {Int+2}
rNeg    . . .        n - +1 hat
rPois   +            F - amulet of reflection
rElec   .            g - ring of fire
rCorr   .            G - +6 ring of intelligence
SInv    .            J - ring "Buazoef" {rPois EV+5}
Will    +....        P - ring of wizardry
Stlth   ++++++++++   R - ring of willpower
HPRegen 0.33/turn    (no ring)
MPRegen 0.15/turn    (no ring)
                     (no ring)

%: reflection, wizardry (x1)
@: wreathed by umbra, studying Stealth
A: almost no armour, amphibious, 8 rings, camouflage 1, gelatinous body 1,
(nimble swimmer 1), tentacles
a: Renounce Religion, Shadow Step


You were on level 10 of the Dungeon.
You worshipped Dithmenos.
Dithmenos was greatly pleased with you.
You visited 2 branches of the dungeon, and saw 11 of its levels.
You also visited: Ossuary and Bailey.

You collected 686 gold pieces.

Inventory:

Hand Weapons
 a - a +0 short sword
 m - a +2 antimagic dagger
 q - a +0 sling of freezing
 E - a +1 dagger of holy wrath
 L - a +3 short sword of draining (weapon)
 O - a +4 dagger of chaos
Missiles
 j - 132 stones
 r - 10 curare-tipped darts
 B - 15 boomerangs (quivered)
 K - 11 poisoned darts
Armour
 n - a +1 hat (worn)
 s - the +2 buckler "Cayqar" (worn) {Int+2}
   (You acquired it in a bailey)

   Int:       It affects your intelligence (+2).
Jewellery
 g - a ring of fire (left tentacle)
 F - an amulet of reflection (around mantle)
 G - a +6 ring of intelligence (right tentacle)
 J - the ring "Buazoef" (on tentacle) {rPois EV+5}
   (You found it in a bailey)

   [ring of evasion]

   EV:        It affects your evasion (+5).
   rPois:     It protects you from poison.
 P - a ring of wizardry (on tentacle)
 R - a ring of willpower (on tentacle)
Wands
 f - a wand of digging (3)
 i - a wand of quicksilver (16)
 o - a wand of roots (9)
Scrolls
 b - 5 scrolls of fog
 c - 3 scrolls of magic mapping
 d - 3 scrolls of fear
 h - 3 scrolls of noise {unknown}
 p - 3 scrolls of teleportation
 t - 2 scrolls of enchant weapon
 y - 2 scrolls of enchant armour {unknown}
 z - 3 scrolls of poison
 C - a scroll of amnesia {unknown}
 M - a scroll of vulnerability {unknown}
 N - 2 scrolls of identify
Potions
 e - 5 potions of haste
 k - 7 potions of curing
 l - 4 potions of lignification
 u - 3 potions of mutation
 v - a potion of attraction {unknown}
 w - 3 potions of flight
 x - 7 potions of heal wounds
 A - a potion of cancellation {unknown}
 D - a potion of degeneration
 H - a potion of resistance
 I - a potion of magic {unknown}
 Q - a potion of berserk rage {unknown}
 S - a potion of might {unknown}
 T - a potion of brilliance {unknown}


   Skills:
 * Level 9.4 Fighting
 * Level 8.3 Short Blades
 * Level 8.3 Dodging
 + Level 13.5 Stealth
 + Level 3.4 Shields
 + Level 4.1 Spellcasting
 + Level 4.6 Translocations


You had 16 spell levels left.
You knew the following spells:

 Your Spells              Type           Power      Damage    Failure   Level
a - Blink                 Tloc           48%        N/A       1%          2

Your spell library contained the following spells:

 Spells                   Type           Power      Damage    Failure   Level
 Cigotuvi's Dreadful Rot  Necr/Pois/Air  8%         N/A       9%          2
 Manifold Assault         Tloc           24%        N/A       9%          4
 Dispel Undead            Necr           4%         3d7       50%         4
 Death Channel            Necr           2%         N/A       100%        6
 Storm Form               Tmut/Air       2%         N/A       100%        7


Dungeon Overview and Level Annotations

Branches:
Dungeon (10/15)            Temple (1/1) D:4             Orc (0/2) D:10
Ossuary (visited)          Bailey (visited)
   Lair: D:8-11

Altars:
Ashenzari
Cheibriados
Dithmenos
Elyvilon
Fedhas
Gozag
Hepliaklqana
Kikubaaqudgha
Makhleb
Nemelex Xobeh
Okawaru
Qazlal
Ru
Sif Muna
Trog
Uskayaw
Vehumet
Wu Jian
Xom
Yredelemnul
Zin
The Shining One

Shops:
D:6 (   D:8 [   D:10 [(

Portals:
Trove: D:10 (give 13 scrolls of teleportation)

Annotations:
D:5 1 runed translucent door, Crazy Yiuf
D:6 2 transporters


Innate Abilities, Weirdness & Mutations

You cannot wear most types of armour.
You are amphibious.
You can wear up to eight rings at the same time.
Your skin changes colour to match your surroundings (Stealth+).
Your rubbery body absorbs attacks. (AC +1, EV +1)
((You are camouflaged when in or above water. (Stealth+)))
You have tentacles for arms and can constrict up to eight enemies at once.


Message History

You hit the centaur warrior but do no damage.
The centaur warrior is moderately wounded.
The centaur warrior hits you with a +3 great sword of electrocution!
The centaur warrior misses you.
You hit the centaur warrior but do no damage.
You squeeze the centaur warrior, but do no damage.
The centaur warrior is moderately wounded.
You block the centaur warrior's attack. The centaur warrior closely misses you.
You barely miss the centaur warrior.
You squeeze the centaur warrior, but do no damage.
The centaur warrior is moderately wounded.
The centaur warrior hits you with a +3 great sword of electrocution!!
The centaur warrior kicks you.
You hit the centaur warrior. You drain the centaur warrior.
The centaur warrior is moderately wounded.
You block the centaur warrior's attack.
The centaur warrior completely misses you.
Okay, then.
Okay, then.
You barely miss the centaur warrior.
The centaur warrior is moderately wounded.
The centaur warrior hits you with a +3 great sword of electrocution!
You block the centaur warrior's attack.
You hit the centaur warrior but do no damage.
The centaur warrior is moderately wounded.
The centaur warrior misses you. The centaur warrior kicks you.
You hit the centaur warrior. You drain the centaur warrior.
The centaur warrior is heavily wounded.
The centaur warrior barely misses you. You block the centaur warrior's attack.
You hit the centaur warrior.
The centaur warrior is heavily wounded.
The centaur warrior hits you with a +3 great sword of electrocution!
* * * LOW HITPOINT WARNING * * *
The centaur warrior misses you.
You hit the centaur warrior. You drain the centaur warrior.
The centaur warrior is severely wounded.
The centaur warrior hits you with a +3 great sword of electrocution!
* * * LOW HITPOINT WARNING * * *
You are electrocuted!
You die...

#.. #.#. ..#
############.#.# ..#
.............#.###..#
....####....<.......#
....#
#............###.
....#
#..##............
....#
#..##....c..>....
....#
#..##....@.......
....#
#..##............
....#
#..##...)........
....#
#..##............
....#
#..##............
<...#
#..##............
....#
#..##............
....#
#................
#####
#################


You could see a centaur warrior (drained).

Vanquished Creatures
  An orc warlord (Bailey)
  Joseph (D:8)
  A gargoyle (D:10)
  Psyche (D:8)
  2 kobold demonologists (D:7)
  A hornet (D:10)
  2 trolls (D:10)
  Prince Ribbit (D:6)
  A shadow (D:9)
  10 yaks
  Grum (D:8)
  3 steam dragons
  Menkaure (D:5)
  Edmund (D:5)
  2 water moccasins
  Pargi (D:4)
  An ice beast (D:6)
  10 orc warriors
  A black bear (D:7)
  2 centaurs
  3 wolves
  An elf zombie (Ossuary)
  A phantom (D:5)
  3 kobold brigands
  A gnoll sergeant (D:9)
  3 bullfrogs
  A scorpion (D:4)
  10 wights
  17 killer bees
  3 hounds
  2 jellies (D:7)
  3 orc priests (D:9)
  2 gnoll boudas
  A sleepcap (D:6)
  5 iguanas
  11 orc wizards
  A hound zombie (Ossuary)
  4 mummies (Ossuary)
  16 gnolls
  6 adders
  2 shadow imps
  A white imp (D:6)
  2 ufetubi
  4 worms (D:2)
  2 dart slugs
  50 orcs
  4 ball pythons
  6 bats
  8 endoplasms
  3 giant cockroaches
  4 hobgoblins
  3 jackals (D:2)
  3 quokkas
  13 frilled lizards
  A gnoll zombie (Ossuary)
  14 goblins
  3 goblin zombies (Ossuary)
  2 jackal zombies (Ossuary)
  36 kobolds
  4 orc zombies (Ossuary)
  6 rats
  A butterfly (D:4)
310 creatures vanquished.

Vanquished Creatures (others)
  A gnoll (D:7)
  A kobold (D:7)
2 creatures vanquished.

Grand Total: 312 creatures vanquished

Notes
Turn   | Place    | Note
-------+----------+-------------------------------------------
     0 | D:5      | RancidPinata the Octopode Delver began the quest for the
                  | Orb.
     0 | D:5      | Reached XP level 1. HP: 16/16 MP: 1/1
    17 | D:5      | Noticed a hound
    29 | D:5      | Killed a hound
    30 | D:5      | Reached XP level 2. HP: 7/21 MP: 2/2
    30 | D:5      | Reached XP level 3. HP: 8/26 MP: 3/3
   119 | D:5      | Reached skill level 7 in Stealth
   184 | D:5      | Found a runed translucent door.
   185 | D:5      | Noticed Crazy Yiuf
   377 | D:5      | Reached XP level 4. HP: 31/31 MP: 4/4
   550 | D:5      | Reached XP level 5. HP: 37/37 MP: 1/5
   604 | D:5      | Noticed a phantom
   607 | D:5      | Killed a phantom
   627 | D:5      | Reached skill level 8 in Stealth
   627 | D:5      | Reached XP level 6. HP: 30/43 MP: 2/6
   791 | D:4      | Noticed Pargi
  1299 | D:1      | Found a faded altar of an unknown god.
  3168 | D:4      | Found a staircase to the Ecumenical Temple.
  3169 | D:4      | Killed Pargi
  3170 | D:4      | Reached XP level 7. HP: 49/49 MP: 2/7
  3184 | Temple   | Entered the Ecumenical Temple
  3189 | Temple   | Became a worshipper of Dithmenos the Shadowed
  3311 | D:4      | Reached skill level 5 in Fighting
  3311 | D:4      | Reached skill level 9 in Stealth
  4036 | D:5      | Noticed Edmund
  4055 | D:5      | Killed Edmund
  4056 | D:5      | Reached XP level 8. HP: 17/57 MP: 2/8
  4273 | D:5      | Noticed Menkaure
  4280 | D:5      | Killed Menkaure
  4281 | D:5      | Reached skill level 10 in Stealth
  4900 | D:6      | Found a sand-covered staircase.
  4911 | Ossuary  | Entered an ossuary
  4965 | Ossuary  | Reached * piety under Dithmenos
  5347 | D:6      | Learned a level 2 spell: Blink
  5482 | D:6      | Found a transporter.
  5888 | D:6      | Found a transporter.
  6111 | D:6      | Reached skill level 5 in Short Blades
  6187 | D:6      | Noticed Prince Ribbit
  6226 | D:6      | Killed Prince Ribbit
  6227 | D:6      | Reached skill level 5 in Dodging
  6227 | D:6      | Reached skill level 1 in Spellcasting
  6227 | D:6      | Reached skill level 1 in Translocations
  6227 | D:6      | Reached XP level 9. HP: 63/63 MP: 3/10
  6469 | D:6      | Found Werotuf's Weapon Shoppe.
  6743 | D:7      | Found a flagged portal.
  6870 | D:7      | Reached skill level 11 in Stealth
  6897 | D:7      | Found a hide-covered altar of Uskayaw.
  6978 | Bailey   | Entered a bailey
  7028 | Bailey   | Noticed an orc warlord
  7361 | Bailey   | Found a runed translucent gate.
  7363 | Bailey   | Found a runed translucent gate.
  7365 | Bailey   | Found a runed translucent gate.
  7526 | Bailey   | Reached ** piety under Dithmenos
  7706 | Bailey   | Killed an orc warlord
  7786 | Bailey   | Identified the ring "Buazoef" {rPois EV+5}
  7802 | Bailey   | Acquired a manual of Stealth
  7807 | Bailey   | Acquired the +2 buckler "Cayqar" {Int+2}
  8046 | D:7      | Found a sacrificial altar of Ru.
  8146 | D:7      | Reached XP level 10. HP: 58/72 MP: 4/13
  8581 | D:7      | Reached skill level 1 in Shields
  8685 | D:7      | Noticed a kobold demonologist
  9109 | D:7      | Noticed a kobold demonologist
  9218 | D:7      | Killed a kobold demonologist
  9228 | D:7      | Killed a kobold demonologist
  9621 | D:8      | Reached skill level 12 in Stealth
  9954 | D:8      | Reached *** piety under Dithmenos
 10138 | D:8      | Noticed Joseph
 10142 | D:8      | Killed Joseph
 10228 | D:8      | Found Ehoosm's Superior Scales.
 10392 | D:8      | Noticed Grum
 10396 | D:8      | Noticed Psyche
 10690 | D:8      | Killed Psyche
 10691 | D:8      | Reached XP level 11. HP: 57/78 MP: 13/16
 10698 | D:8      | Killed Grum
 11339 | D:9      | Reached skill level 13 in Stealth
 11690 | D:9      | Found a shimmering blue altar of Sif Muna.
 11903 | D:9      | Reached **** piety under Dithmenos
 12078 | D:9      | Noticed a boulder beetle
 12733 | D:10     | Entered Level 10 of the Dungeon
 13036 | D:10     | Found Kaufuepa's Weapon Shoppe.
 13038 | D:10     | Found a staircase to the Orcish Mines.
 13040 | D:10     | Found Itaonam's Armour Shoppe.
 13275 | D:10     | Found a portal to a secret trove of treasure.
 13561 | D:10     | Noticed a centaur warrior
 13573 | D:10     | Mangled by a centaur warrior

Illustrated notes

Levels and vault maps discovered:
D:1:      giann_horns, layout_loops_ring, basic_ecumenical_altar
D:2:      layout_rooms, roderic_lattice_a, minmay_lizard_king
D:3:      layout_loops_corners, chequers_garden
D:4:      layout_basic, minmay_temple_entry_butterflies,
          nicolae_nh_ransacked_shop, uniq_pargi
D:5:      layout_basic, uniq_edmund, uniq_menkaure, uniq_crazy_yiuf_cottage
D:6:      gammafunk_cloud_chamber, layout_basic,
          lightli_ossuary_entry_decrepit_ruins, serial_shops,
          nicolae_shop_competitors_out_of_business, uniq_prince_ribbit1
D:7:      layout_cave_pools, mainiacjoe_overflow_paths,
          nicolae_ru_sacrificial_ziggurat, lightli_bailey_entry_fortress
D:8:      layout_rooms, hellmonk_scale_shop, uniq_joseph, uniq_psyche, uniq_grum
D:9:      layout_basic, lemuel_blue_sif_altar, nrook_mini_vaults,
          amethyst_killhole, nicolae_elevator_lobby_plus
D:10:     nzn_winding_woodlands_small [nzn_winding_woodlands_5x15_longhouse,
          nzn_winding_woodlands_center_triple_pond,
          nzn_winding_woodlands_5x15_pool], layout_long_grid, orc_david_3,
          nicolae_trove_entry_diagonal
Temple:   hellmonk_temple_of_storms

Skill      XL: |  1  2  3  4  5  6  7  8  9 10 11 |
---------------+----------------------------------+-----
Stealth        | 7 8 9 10 11 12 13 | 13.5
Fighting       | 4 5 6 7 8 9 |  9.4
Short Blades   | 3 4 5 6 7 8 |  8.3
Dodging        | 3 4 5 6 7 8 |  8.3
Spellcasting   | 1 2 3 4 |  4.1
Translocations | 1 2 3 4 |  4.6
Shields        | 2 3 |  3.4

Action                     |  1- 3 |  4- 6 |  7- 9 | 10-12 || total
---------------------------+-------+-------+-------+-------++-------
  Melee: Short sword       |    11 |     3 |       |   384 ||   398
         Tentacles         |     3 |    22 |    79 |   127 ||   231
         Constrict         |     2 |    26 |    52 |    67 ||   147
         Dagger            |       |   137 |   267 |   116 ||   520
         Punch             |       |     1 |     6 |     8 ||    15
  Throw: Boomerang         |       |       |    47 |     1 ||    48
         Dart              |       |       |    17 |       ||    17
         Stone             |       |       |    11 |       ||    11
   Cast: Blink             |       |       |     1 |     2 ||     3
    Use: Scroll            |       |     2 |     2 |     7 ||    11
         Potion            |       |       |     3 |       ||     3
   Stab: Sleeping          |     2 |    35 |    23 |    25 ||    85
         Distracted        |       |       |     3 |     2 ||     5
 Armour: Skin              |       |     6 |    22 |     8 ||    36
  Dodge: Dodged            |     3 |    75 |   144 |   244 ||   466
  Block: Buckler           |       |       |    32 |   223 ||   255
         Other             |       |       |    10 |       ||    10
         Reflection        |       |       |     5 |     4 ||     9
